 Dungeon Sprint DCSS version bcrawl-1.40.3b (webtiles) character file.

Game seed: 12725532555563968416

9100000 Groucho the Intangible (level 27, -98/174 HPs)
             Began as a Spriggan Abyssal Knight on Dec 7, 2023.
             Was the Champion of Makhleb.
             Killed from afar by an observer (106 damage)
             ... with a fireball
             ... in the Dungeon (Sprint VIII: "Arena of Blood").
             The game lasted 00:08:03 (91 turns).

Groucho the Intangible (Spriggan Abyssal Knight)      Turns: 91, Time: 00:08:04

Health: -98/174    AC:  4    Str:  9    XL:     27
Magic:  33/55      EV: 47    Int: 14    God:    Makhleb [******]
Gold:   0          SH:  0    Dex: 27    Spells: 80/80 levels left

rFire    . . .     GDR:     51% l - +∞ Axe of Woe
rCold    . . .     SeeInvis +   (shield currently unavailable)
rNeg     . . .     Gourm    .   b - +0 robe
rPois    .         Faith    .   (helmet restricted)
rElec    .         Spirit   .   (no cloak)
rCorr    .         Reflect  .   (gloves unavailable)
MR       ++++.     NoTele   +   (boots unavailable)
Stlth    ++++++++++             (no amulet)
HPRegen  0.39/turn              o - +200 ring of slaying
MPRegen  0.34/turn              n - +200 ring of slaying

@: very quick
A: very small, unfitting armour, see invisible, herbivore, speed 3, slow
metabolism 2
a: Minor Destruction, Hew, Major Destruction, Greater Servant of Makhleb,
Renounce Religion


You were in the Dungeon.
You worshipped Makhleb.
Makhleb was exalted by your worship.
You were not hungry.

You visited 1 branch

Inventory:

Hand Weapons
 a - a +0 war axe
 l - the +∞ Axe of Woe (weapon)
   (You found it in the Dungeon)
Missiles
 c - 10 tomahawks of dispersal {=f}
 d - 40 stones (quivered)
Armour
 b - a +0 robe (worn)
Jewellery
 m - a +30 ring of slaying
 n - a +200 ring of slaying (right hand)
 o - a +200 ring of slaying (left hand)
Scrolls
 k - a scroll of blinking
Potions
 f - a potion of curing
 g - a potion of heal wounds
 h - a potion of haste
 i - 2 potions of magic
 j - a potion of berserk rage
Comestibles
 e - a ration {!d}


   Skills:
 O Level 27 Fighting
 O Level 27 Axes
 O Level 27 Throwing
 O Level 27 Armour
 O Level 27 Dodging
 O Level 27 Stealth
 O Level 27 Unarmed Combat
 O Level 27 Spellcasting
 O Level 27 Invocations


You had 80 spell levels left.
You didn't know any spells.
Your spell library was empty.

Dungeon Overview and Level Annotations

Branches:
Dungeon (1/1)

Altars:
Makhleb


Innate Abilities, Weirdness & Mutations

You are very small and have problems with some larger weapons.
You are too small for most types of armour.
You have supernaturally acute eyesight. (SInv)
You are a herbivore.
You cover ground extremely quickly.
You need to consume almost no food.


Message History

You chop one of the eight-headed meat hydra's heads off!
The seven-headed meat hydra grows two more!
You carve the nine-headed meat hydra like a ham!!!
You cleave the nine-headed meat hydra in twain.
You kill the nine-headed meat hydra!
Makhleb accepts your kill.
You are engulfed in blazing flames.
You hear a shout! x6
The observer gazes at you.
The fireball explodes!
The fireball engulfs you!!!! The observer gazes at you.
The fireball explodes!
The fireball engulfs you!!!!
* * * LOW HITPOINT WARNING * * *
You hear a shout! x3
A bag of meat comes into view. It is wielding a +9 war axe.
You hear a shout!
The observer gazes at you.
The fireball explodes!
The fireball engulfs you!!!!
Ouch! That really hurt!
You die... .. .. oX.

....§ #.. ...# .
#.X .%.# .
..###.L ...###..
...X..###V.%...
....oXx_§G.....
#G))).# #_§@☼_#
#)§§).#
...%...)☼.......
.....%.###..%..%
.V###.. ..G###..
. #.. ...# . #..
...# ... .....
D... ..


You could see a tyrant, 2 destroyers, 3 observers, 4 large abominations, 2 bags
of meat and a crawling corpse.

Vanquished Creatures
  2 hell beasts (D)
  3 greater mummies (D)
  2 great orbs of eyes (D)
  17 vampire knights (D)
  16 ogres (D)
  5 two-headed ogres (D)
  A lich (D)
  2 hydras (D)
  22 orcs (D)
  2 phantoms (D)
  3 skeletal warriors (D)
  2 large abominations (D)
  6 small abominations (D)
  5 crawling corpses (D)
88 creatures vanquished.

Vanquished Creatures (others)
  A crawling corpse (D)
1 creature vanquished.

Grand Total: 89 creatures vanquished

Notes
Turn   | Place    | Note
-------+----------+-------------------------------------------
     0 | D        | Found the +∞ Axe of Woe
     0 | D        | Groucho the Spriggan Abyssal Knight began the quest for the
                  | Orb.
     0 | D        | Reached XP level 1. HP: 11/11 MP: 3/3
     1 | D        | Noticed a bag of meat
     2 | D        | Noticed a bag of meat
     2 | D        | Noticed a bag of meat
     4 | D        | Fell from the grace of Lugonu
     4 | D        | Became a worshipper of Makhleb the Destroyer
     4 | D        | Noticed a meat berserker
     4 | D        | Noticed a bag of meat
     4 | D        | Noticed a bag of meat
     9 | D        | Killed a meat berserker
    10 | D        | Reached skill level 27 in Dodging
    10 | D        | Reached XP level 2. HP: 16/16 MP: 4/4
    10 | D        | Reached XP level 3. HP: 19/19 MP: 5/5
    10 | D        | Reached XP level 4. HP: 23/23 MP: 6/6
    10 | D        | Reached XP level 5. HP: 27/27 MP: 7/7
    10 | D        | Reached XP level 6. HP: 32/32 MP: 8/8
    10 | D        | Reached XP level 7. HP: 35/35 MP: 9/9
    10 | D        | Reached XP level 8. HP: 39/39 MP: 10/10
    10 | D        | Reached XP level 9. HP: 43/43 MP: 11/11
    10 | D        | Reached XP level 10. HP: 47/47 MP: 12/12
    10 | D        | Reached XP level 11. HP: 51/51 MP: 13/13
    10 | D        | Reached XP level 12. HP: 56/56 MP: 14/14
    10 | D        | Reached XP level 13. HP: 59/59 MP: 15/15
    10 | D        | Noticed a bag of meat
    10 | D        | Killed a bag of meat
    10 | D        | Reached * piety under Makhleb
    10 | D        | Noticed a meat berserker
    11 | D        | Killed a bag of meat
    11 | D        | Noticed a bag of meat
    12 | D        | Reached XP level 14. HP: 63/63 MP: 16/16
    12 | D        | Killed a bag of meat
    13 | D        | Reached skill level 27 in Axes
    14 | D        | Killed a bag of meat
    14 | D        | Reached ** piety under Makhleb
    15 | D        | Reached skill level 10 in Fighting
    15 | D        | Reached XP level 15. HP: 80/80 MP: 16/24
    16 | D        | Reached skill level 15 in Invocations
    16 | D        | Noticed a meat berserker
    17 | D        | Reached skill level 15 in Fighting
    17 | D        | Noticed a meat berserker
    18 | D        | Killed a meat berserker
    18 | D        | Reached *** piety under Makhleb
    18 | D        | Noticed a meat berserker
    19 | D        | Reached XP level 16. HP: 101/101 MP: 16/31
    19 | D        | Noticed a destroyer
    20 | D        | Noticed a large bag of meat
    22 | D        | Killed a meat berserker
    23 | D        | Reached XP level 17. HP: 110/110 MP: 17/34
    23 | D        | Killed a large bag of meat
    23 | D        | Killed a meat berserker
    23 | D        | Reached **** piety under Makhleb
    24 | D        | Reached skill level 27 in Fighting
    24 | D        | Reached skill level 27 in Invocations
    24 | D        | Reached XP level 18. HP: 117/127 MP: 17/36
    24 | D        | Noticed a large bag of meat
    25 | D        | Killed a meat berserker
    26 | D        | Noticed a meat berserker
    27 | D        | Reached ***** piety under Makhleb
    28 | D        | Reached XP level 19. HP: 119/132 MP: 18/37
    29 | D        | Noticed an eight-headed meat hydra
    30 | D        | Killed a destroyer
    30 | D        | Noticed a destroyer
    31 | D        | Reached skill level 27 in Armour
    32 | D        | Noticed a large bag of meat
    33 | D        | Reached XP level 20. HP: 123/137 MP: 19/41
    34 | D        | Killed a meat berserker
    34 | D        | Killed a destroyer
    35 | D        | Reached skill level 27 in Spellcasting
    35 | D        | Killed a large bag of meat
    35 | D        | Noticed a destroyer
    36 | D        | Reached XP level 21. HP: 125/142 MP: 19/53
    36 | D        | Reached ****** piety under Makhleb
    36 | D        | Noticed a large bag of meat
    37 | D        | Reached skill level 27 in Unarmed Combat
    37 | D        | Noticed a destroyer
    39 | D        | Noticed a destroyer
    42 | D        | Killed a large bag of meat
    42 | D        | Noticed a destroyer
    43 | D        | Noticed a destroyer
    43 | D        | Noticed a destroyer
    44 | D        | Killed a destroyer
    45 | D        | Reached skill level 27 in Throwing
    45 | D        | Reached XP level 22. HP: 140/148 MP: 22/54
    45 | D        | Killed a destroyer
    45 | D        | Killed a destroyer
    46 | D        | Reached skill level 27 in Stealth
    46 | D        | Reached XP level 23. HP: 145/153 MP: 22/55
    46 | D        | Noticed a destroyer
    47 | D        | Noticed an accursed
    49 | D        | Killed a destroyer
    49 | D        | Noticed a tyrant
    49 | D        | Noticed a destroyer
    50 | D        | Reached XP level 24. HP: 149/158 MP: 23/55
    50 | D        | Killed a large bag of meat
    53 | D        | Killed a tyrant
    53 | D        | Killed a destroyer
    54 | D        | Reached XP level 25. HP: 151/163 MP: 24/55
    54 | D        | Killed a destroyer
    54 | D        | Noticed an accursed
    55 | D        | Noticed an accursed
    55 | D        | Killed a destroyer
    56 | D        | Killed an accursed
    57 | D        | Reached XP level 26. HP: 64/169 MP: 25/55
    57 | D        | Killed an accursed
    58 | D        | Reached XP level 27. HP: 80/174 MP: 25/55
    60 | D        | Killed a destroyer
    62 | D        | Noticed an accursed
    65 | D        | Noticed a destroyer
    66 | D        | Killed an accursed
    66 | D        | Killed a destroyer
    67 | D        | Noticed a destroyer
    67 | D        | Noticed a destroyer
    68 | D        | Noticed a destroyer
    69 | D        | Noticed a large bag of meat
    71 | D        | Killed a destroyer
    72 | D        | Killed a destroyer
    72 | D        | Noticed a destroyer
    73 | D        | Noticed a meat beast
    74 | D        | Killed a meat beast
    78 | D        | Noticed a destroyer
    79 | D        | Noticed a meat beast
    80 | D        | Noticed a tyrant
    81 | D        | Killed a large bag of meat
    81 | D        | Killed a destroyer
    81 | D        | Killed a destroyer
    82 | D        | Noticed a destroyer
    85 | D        | Killed a destroyer
    87 | D        | Noticed an accursed
    87 | D        | Noticed a destroyer
    88 | D        | Killed a meat beast
    88 | D        | Killed a destroyer
    90 | D        | Noticed a destroyer
    91 | D        | HP: 8/174 [observer/fireball (73)]
    91 | D        | Killed from afar by an observer

Skill      XL: |  1  2  3  4  5  6  7  8  9 10 11 12 13 14 15 16 17 18 19 20 21 22 |
---------------+-------------------------------------------------------------------+-----
Axes           | 20 25 27 | 27.0
Dodging        | 27 | 27.0
Fighting       | 10 18 21 27 | 27.0
Invocations    | 11 21 24 27 | 27.0
Armour         | 2 22 27 | 27.0
Unarmed Combat | 12 25 27 | 27.0
Spellcasting   | 16 27 | 27.0
Throwing       | 27 | 27.0
Stealth        | 21 27 | 27.0

Action                   |  1- 3 |  4- 6 |  7- 9 | 10-12 | 13-15 | 16-18 | 19-21 | 22-24 | 25-27 || total
-------------------------+-------+-------+-------+-------+-------+-------+-------+-------+-------++-------
Melee: Broad axe         |     1 |       |       |       |     7 |     5 |     9 |     7 |    22 ||    51
Dodge: Dodged            |       |       |       |       |       |       |       |       |     3 ||     3
